 Dungeon Crawl Stone Soup version 0.22-a0-611-g46e8f3c735 (webtiles) character file.

51 Kholdaimon the Grave Robber (level 3, -6/25 HPs)
             Began as a Mummy Necromancer on July 11, 2018.
             Killed from afar by Sigmund (12 damage)
             ... with a puff of flame
             ... on level 2 of the Dungeon.
             The game lasted 00:13:08 (1472 turns).

Kholdaimon the Grave Robber (Mummy Necromancer)     Turns: 1472, Time: 00:13:08

Health: -6/25      AC:  2    Str: 11    XL:     3   Next: 57%
Magic:  1/7        EV: 11    Int: 15    God:
Gold:   79         SH:  0    Dex: 12    Spells: 3/8 levels left

rFire    x . .     SeeInvis .   c - +0 dagger
rCold    + . .     Gourm    .   b - +0 buckler
rNeg     + + +     Faith    .   a - +0 robe
rPois    ∞         Spirit   .   (no helmet)
rElec    .         Reflect  .   (no cloak)
rCorr    .         Harm     .   (no gloves)
MR       .....                  (no boots)
Stlth    +.........             (no amulet)
HPRegen  0.08/turn              (no ring)
MPRegen  0.10/turn              (no ring)

@: confused, very slightly contaminated
A: no food or potions, fire vulnerability, cold resistance 1, negative energy
resistance 3, torment resistance, unbreathing
a: no special abilities


You were on level 2 of the Dungeon.
You were not hungry.

You visited 1 branch of the dungeon, and saw 2 of its levels.

You collected 79 gold pieces.

Inventory:

Hand Weapons
 c - a +0 dagger (weapon)
 e - a +2 dagger of draining
 h - a cursed -2 mace
Missiles
 d - 39 stones (quivered)
 g - 21 poisoned needles
Armour
 a - a +0 robe (worn)
 b - a +0 buckler (worn)
 j - a +0 ring mail
 l - a +0 leather armour
 n - a +0 ring mail
Jewellery
 k - an uncursed ring of flight {unknown}
Wands
 m - a wand of scattershot (8)
Scrolls
 f - a scroll of enchant weapon {unknown}
 i - 2 scrolls of remove curse {unknown}


   Skills:
 + Level 0.6 Fighting
 + Level 2.1 Dodging
 - Level 2.0 Stealth
 + Level 0.4 Shields
 + Level 3.2 Spellcasting
 + Level 4.3 Necromancy


You had 3 spell levels left.
You knew the following spells:

 Your Spells              Type           Power        Failure   Level  Hunger
a - Pain                  Necr           ###.         4%          1    N/A
b - Animate Skeleton      Necr           N/A          4%          1    N/A
c - Vampiric Draining     Necr           ###.......   16%         3    N/A

Your spell library contained the following spells:

 Spells                   Type           Power        Failure   Level  Hunger
 Animate Dead             Necr           N/A          45%         4    N/A
 Regeneration             Chrm/Necr      #.........   36%         3    N/A

Dungeon Overview and Level Annotations

Branches:
Dungeon (2/15)

Altars:

Annotations:
D:2 Sigmund


Innate Abilities, Weirdness & Mutations

You do not eat or drink.
Your flesh is vulnerable to fire.
You are immune to poison.
Your flesh is cold resistant. (rC+)
You are immune to negative energy. (rN+++)
You are immune to unholy pain and torment.
You can survive without breathing.


Message History

Aim: Sigmund, wielding a scythe and wearing a glowing robe (moderately wounded, chance to defeat MR: 80%) Sigmund writhes in agony!
Casting: Pain (safe; 4% risk of failure)
Confirm with . or Enter, or press ? or * to list all spells.
Aiming: Pain (safe; 4% risk of failure)
Press: ? - help, Shift-Dir - straight line, f/p - Sigmund
Aim: Sigmund, wielding a scythe and wearing a glowing robe (moderately wounded, chance to defeat MR: 80%)
You miscast Pain.
You are very lightly contaminated with residual magic.
Nothing appears to happen.
Sigmund hits you from afar with a scythe!
Sigmund screams, "Don't try to resist!"
Sigmund casts a spell at you.
You are confused.
Sigmund gestures at you while chanting. The puff of flame hits you!
The fire burns you terribly!
* * * LOW HITPOINT WARNING * * *
Sigmund points at you and mumbles some strange words.
The puff of flame hits you! The fire burns you terribly!
You die...

##.............##....>..#########
###......#....###.>..##..#......#
#.....Z.....[....................
..##.#Z###....###.@..............
## ###.# #... #....####........ #
#Z# #....# ##......# ######.#
#....# #......#
.......######.###....## #......#
................@.....# ########
....###########.#####.... .####
#. #### ## #. #. ##


You could see Sigmund.

Vanquished Creatures
  A worm (D:2)
  A dart slug (D:1)
  A leopard gecko (D:2)
  3 bats (D:1)
  3 giant cockroaches (D:1)
  6 hobgoblins
  4 kobolds
  2 quokkas (D:2)
  6 frilled lizards
  7 goblins
  4 rats
38 creatures vanquished.

Vanquished Creatures (collateral kills)
  A dart slug (D:2)
  A goblin (D:2)
  A hobgoblin (D:1)
  A bat (D:2)
  2 rats (D:2)
6 creatures vanquished.

Grand Total: 44 creatures vanquished

Notes
Turn   | Place    | Note
-------+----------+-------------------------------------------
     0 | D:1      | Kholdaimon the Mummy Necromancer began the quest for the Orb.
     0 | D:1      | Reached XP level 1. HP: 13/13 MP: 4/4
     9 | D:1      | Learned a level 1 spell: Animate Skeleton
   135 | D:1      | Reached XP level 2. HP: 4/19 MP: 0/5
  1012 | D:2      | Reached XP level 3. HP: 24/24 MP: 5/7
  1017 | D:2      | Learned a level 3 spell: Vampiric Draining
  1297 | D:2      | Noticed Sigmund
  1472 | D:2      | Killed from afar by Sigmund

Vault maps used:
D:1:      scummos_arrival_simple_fountains, minmay_pentomino_r2
D:2:      minmay_splitting_lines, minmay_bisected, uniq_sigmund

Skill      XL: |  1  2  3 |
---------------+----------+-----
Spellcasting   | 3 |  3.2
Stealth        | 2 |  2.0
Dodging        | 2 |  2.1
Fighting       | |  0.6
Shields        | |  0.4
Necromancy     | |  4.3

Action                   || total
-------------------------++-------
Melee: Dagger            ||    33
Throw: Stone             ||     2
 Cast: Pain              ||    62
       Animate Skeleton  ||    23
 Stab: Sleeping          ||     1
Armor: Robe              ||    11
Dodge: Dodged            ||    31
Block: Buckler           ||     3

Table legend:
 A = Spawn XP
 B = Non-spawn XP
 C = Spawn XP percentage of total XP
 D = Spawn monster count
 E = Non-spawn monster count
 F = Spawn count percentage of total count
 G = Total turns spent on level
                    A         B        C        D         E        F      G
               +---------+---------+-------+---------+---------+-------+---------
         Total |       0 |      73 |   0.0 |       0 |      44 |   0.0 |  1472
               +---------+---------+-------+---------+---------+-------+---------
           D:1 |       0 |      40 |   0.0 |       0 |      25 |   0.0 |  1127
           D:2 |       0 |      33 |   0.0 |       0 |      19 |   0.0 |   345
               +---------+---------+-------+---------+---------+-------+---------
